 Dungeon Crawl Stone Soup version 0.17-a0-1880-gacf7e67 (webtiles) character file.

77 kae the Poker (level 4, 0/42 HPs)
             Began as a Naga Fighter on Sept 21, 2015.
             Slain by a goblin
             ... wielding a +0 dagger
             ... led by Robin
              (2 damage)
             ... on level 2 of the Dungeon.
             The game lasted 00:01:54 (1376 turns).

kae the Poker (Naga Fighter)                        Turns: 1376, Time: 00:01:54

Health: 0/42       AC:  6    Str: 23    XL:     4   Next: 33%
Magic:  4/4        EV:  5    Int:  8    God:
Gold:   51         SH:  9    Dex: 12    Spells: 0 memorised, 3 levels left

rFire  . . .     SeeInvis +     a - +0 trident
rCold  . . .     Clarity  .     b - +0 scale mail
rNeg   . . .     SustAt   .     c - +0 shield
rPois  +         Gourm    .     (no helmet)
rElec  .         Spirit   .     (no cloak)
rCorr  .         Warding  .     n - +0 pair of gloves
rMut   .         Stasis   .     (no barding)
MR     .....                    (no amulet)
Stlth  ..........               (no ring)
                                (no ring)

@: mighty, very slow, not resistant to hostile enchantments, extremely
unstealthy
A: see invisible, deformed body, poison resistance, slowness 2, slow metabolism
1, spit poison 2, AC +1
a: Spit Poison


You were on level 2 of the Dungeon.
You were not hungry.

You visited 1 branch of the dungeon, and saw 2 of its levels.

You collected 51 gold pieces.

Inventory:

Hand weapons
 a - a +0 trident (weapon)
Armour
 b - a +0 scale mail (worn)
 c - a +0 shield (worn)
 n - a +0 pair of gloves (worn)
Scrolls
 g - 3 scrolls of remove curse {unknown}
 h - a scroll of immolation {unknown}
 i - a scroll of identify {unknown}
Potions
 l - a potion of agility {unknown}
 o - a potion of degeneration {unknown}
Comestibles
 e - a bread ration
 f - 2 slices of pizza
 j - 2 beef jerkies
 m - 2 meat rations


   Skills:
 - Level 3.0 Fighting
 + Level 4.4 Polearms
 - Level 2.4 Armour
 - Level 2.4 Shields


You had 3 spell levels left.
You didn't know any spells.

Dungeon Overview and Level Annotations

Branches:
Dungeon (2/15)

Altars:


Innate Abilities, Weirdness & Mutations

You cannot wear boots.
Your serpentine skin is tough (AC +1).
You have supernaturally acute eyesight.
Armour fits poorly on your strangely shaped body.
Your system is resistant to poisons.
You cover ground very slowly.
You have a slow metabolism.
You can spit poison.


Message History

You block the goblin's attack. The goblin hits you but does no damage.
The hobgoblin hits you.
* * * LOW HITPOINT WARNING * * *
You barely miss the hobgoblin. You block the goblin's attack.
You block the goblin's attack. The hobgoblin hits you.
* * * LOW HITPOINT WARNING * * *
All of the chunks of flesh in your inventory have rotted away.
Drink which item? (? for menu, Esc to quit)
Okay, then.
Unknown command.
You are too injured to fight recklessly!
You are too injured to fight recklessly!
Your shield prevents you from hitting the hobgoblin.
The goblin hits you but does no damage. You block the goblin's attack.
You block the hobgoblin's attack. The goblin hits you.
* * * LOW HITPOINT WARNING * * *
You impale the hobgoblin!!
You kill the hobgoblin!
The goblin hits you with a dagger.
You die...

....≈≈≈≈≈≈≈#.....#
≈≈# ...≈≈≈....
#.....# .#
...≈≈h... #.....#
# ..#≈≈.. #..†..#
# ###≈≈g. #..†).#
.# ≈g. #...(.# .#
#(.(.†# ..#
'##.(())##'##
#..)...)@†...#
#......g)g...#
##########...#
...# ...# ...#
####


You could see 2 goblins.

Vanquished Creatures
  Robin (D:2)
  2 worms (D:2)
  5 bats
  2 giant cockroaches
  5 hobgoblins
  4 jackals
  A ball python (D:1)
  4 giant newts (D:2)
  19 goblins
  7 kobolds
  8 rats
58 creatures vanquished.

Notes
Turn   | Place    | Note
--------------------------------------------------------------
     0 | D:1      | kae the Naga Fighter began the quest for the Orb.
     0 | D:1      | Reached XP level 1. HP: 21/21 MP: 1/1
   111 | D:1      | Reached XP level 2. HP: 28/28 MP: 2/2
   497 | D:1      | Reached XP level 3. HP: 34/34 MP: 3/3
  1297 | D:2      | Reached skill level 4 in Polearms
  1338 | D:2      | Noticed Robin
  1349 | D:2      | Killed Robin
  1349 | D:2      | Reached XP level 4. HP: 16/42 MP: 4/4
  1352 | D:2      | HP: 2/42 [goblin/dagger[Robin] (4)]
  1374 | D:2      | HP: 2/42 [hobgoblin[Robin] (2)]
  1376 | D:2      | Slain by a goblin

Vault maps used:
D:1:      minmay_arrival_nine_rooms, st_stairs_2, amethyst_killhole
D:2:      kennysheep_goblin_castle, minmay_misc_feat_tiny

Action                   |  1- 3 |  4- 6 || total
-------------------------+-------+-------++-------
Melee: Trident           |   181 |    26 ||   207
 Abil: Spit Poison       |     4 |       ||     4
  Use: Potion            |     1 |     1 ||     2
  Eat: Chunk             |     1 |       ||     1
